 Dungeon Crawl Stone Soup version 0.29.1-13-g9f3cf754e1 (webtiles) character file.

Game seed: 5474507702680600422

127 Anamonty the Vexing (level 5, -7/40 HPs)
             Began as a Barachi Arcane Marksman on Feb 8, 2023.
             Was an Initiate of Cheibriados.
             Mangled by a gnoll
             ... wielding a +0 halberd
              (15 damage)
             ... on level 4 of the Dungeon.
             The game lasted 00:06:23 (3448 turns).

Anamonty the Vexing (Barachi Arcane Marksman)       Turns: 3448, Time: 00:06:25

Health: -7/40      AC:  3    Str: 19    XL:     5   Next: 11%
Magic:  5/8        EV: 13    Int: 14    God:    Cheibriados [......]
Gold:   84         SH:  0    Dex: 15    Spells: 4/8 levels left

rFire   . . .      SeeInvis .   a - +1 sling
rCold   . . .      Faith    .   (no shield)
rNeg    . . .      Spirit   .   c - +0 robe
rPois   .          Reflect  .   (no helmet)
rElec   .          Harm     .   (no cloak)
rCorr   .          Rampage  .   (no gloves)
Will    .....                   r - +0 pair of boots
Stlth   +.........              (no amulet)
HPRegen 0.13/turn               d - +6 ring of strength
MPRegen 0.11/turn               (no ring)

@: very slightly contaminated, very slow
A: amphibious, slowness 1, strong legs 1, +LOS
a: Hop, Renounce Religion


You were on level 4 of the Dungeon.
You worshipped Cheibriados.
Cheibriados was noncommittal.
You visited 1 branch of the dungeon, and saw 4 of its levels.

You collected 84 gold pieces.

Inventory:

Hand Weapons
 a - a +1 sling (weapon)
Missiles
 p - 2 curare-tipped darts (quivered)
Armour
 c - a +0 robe (worn)
 r - a +0 pair of boots (worn)
Jewellery
 d - a +6 ring of strength (left hand)
 s - a ring of wizardry
Wands
 n - a wand of iceblast (8)
Scrolls
 b - a scroll of poison
 e - a scroll of enchant armour {unknown}
 g - a scroll of acquirement {unknown}
 h - 2 scrolls of teleportation {unknown}
 j - a scroll of magic mapping {unknown}
 m - a scroll of fear {unknown}
 q - a scroll of summoning {unknown}
 t - a scroll of blinking {unknown}
 v - a scroll of identify
Potions
 f - 3 potions of curing
 i - 3 potions of heal wounds {unknown}
 k - 2 potions of resistance
 l - a potion of mutation {unknown}
 o - 2 potions of brilliance {unknown}
 u - 2 potions of haste {unknown}


   Skills:
 * Level 2.8 Fighting
 * Level 2.9 Ranged Weapons
 + Level 3.2 Dodging
 + Level 2.1 Spellcasting
 + Level 3.9 Hexes


You had 4 spell levels left.
You knew the following spells:

 Your Spells              Type           Power      Damage    Failure   Level
a - Slow                  Hex            48%        N/A       4%          1
b - Tukima's Dance        Hex            12%        N/A       14%         3

Your spell library contained the following spells:

 Spells                   Type           Power      Damage    Failure   Level
 Confusing Touch          Hex            12%        N/A       14%         3
 Apportation              Tloc           2%         N/A       24%         1
 Inner Flame              Hex/Fire       7%         N/A       30%         3
 Portal Projectile        Hex/Tloc       14%        N/A       30%         3
 Cause Fear               Hex            6%         N/A       41%         4
 Vampiric Draining        Necr           1%         2d6       56%         3
 Passage of Golubria      Tloc           1%         N/A       93%         4
 Yara's Violent Unravell  Hex/Tmut       3%         3d4       96%         5
 Alistair's Intoxication  Tmut/Pois      0%         N/A       100%        5


Dungeon Overview and Level Annotations

Branches:
Dungeon (4/15)
 Temple: D:4-7

Altars:
Cheibriados
Hepliaklqana
Sif Muna
Trog
Uskayaw


Innate Abilities, Weirdness & Mutations

You are amphibious.
You cover ground slowly.
You can hop short distances.
You have an extended range of vision and can be seen from far away.


Message History

The gnoll shouts!
An iguana comes into view.
There is a stone staircase leading up here.
There are monsters nearby!
You shoot a sling bullet.
The sling bullet closely misses the gnoll.
The iguana hisses angrily.
The gnoll barely misses you.
You climb upwards.
There is a stone staircase leading down here.
You see here a +0 dagger.
There is an open door here.
There is an open door here.
You open the door.
There is an open door here.
You open the door.
There is an open door here.
There is a stone staircase leading down here.
You see here a +0 whip.
You can't go down here!
There is a stone staircase leading down here.
You climb downwards.
There is a stone staircase leading up here.
You see here a +0 whip.
The gnoll shouts!
You shoot a sling bullet.
The sling bullet closely misses the gnoll.
The gnoll hits you from afar with a +0 halberd!
The gnoll hits you from afar with a +0 halberd!
* * * LOW HITPOINT WARNING * * *
Casting: Tukima's Dance (dangerous; 14% risk of failure)
Confirm with . or Enter, or press ? or * to list all spells.
Aiming: Tukima's Dance (dangerous; 14% risk of failure)
Press: ? - help, Shift-Dir - straight line, f/p - gnoll
Aim: a gnoll, wielding a +0 halberd (chance to affect: 54%)
You miscast Tukima's Dance.
You are very lightly contaminated with residual magic.
Nothing appears to happen.
The gnoll hits you from afar with a +0 halberd!
You die...

#..........
$..........
.......... ..........
.....g...# ........g#
##g# #.## #@# #.#
##.# #..#######
#)#......##
##<........#
#########..........#
...[.....##........##
.#######..##.........


You could see 2 gnolls.

Vanquished Creatures
  An iguana (D:3)
  3 gnolls
  2 adders
  A worm (D:2)
  A dart slug (D:1)
  6 orcs (D:3)
  2 endoplasms (D:3)
  A giant cockroach (D:3)
  6 goblins
  5 hobgoblins
  2 jackals
  A quokka (D:1)
  3 ball pythons
  5 bats
  A frilled lizard (D:1)
  A kobold (D:2)
  3 rats (D:3)
44 creatures vanquished.

Vanquished Creatures (others)
  A dancing weapon (D:4)
1 creature vanquished.

Grand Total: 45 creatures vanquished

Notes
Turn   | Place    | Note
-------+----------+-------------------------------------------
     0 | D:1      | Anamonty the Barachi Arcane Marksman began the quest for
                  | the Orb.
     0 | D:1      | Reached XP level 1. HP: 15/15 MP: 2/2
   170 | D:1      | Reached XP level 2. HP: 15/21 MP: 3/3
  1236 | D:2      | Reached XP level 3. HP: 27/27 MP: 5/5
  1948 | D:3      | Reached XP level 4. HP: 33/33 MP: 6/6
  2290 | D:3      | Found a bloodstained altar of Trog.
  2293 | D:3      | Found a hazy altar of Hepliaklqana.
  2294 | D:3      | Found a snail-covered altar of Cheibriados.
  2306 | D:3      | Found a shimmering blue altar of Sif Muna.
  2319 | D:3      | Became a worshipper of Cheibriados the Contemplative
  2335 | D:3      | Found a hide-covered altar of Uskayaw.
  2583 | D:3      | Found a faded altar of an unknown god.
  2796 | D:4      | Learned a level 3 spell: Tukima's Dance
  2906 | D:4      | Reached XP level 5. HP: 27/39 MP: 4/8
  3250 | D:4      | Noticed an ogre
  3448 | D:4      | Mangled by a gnoll

Illustrated notes

Levels and vault maps discovered:
D:1:      ebering_trefoil_twist, layout_loops_ring, minmay_pentomino_w2
D:2:      layout_basic
D:3:      layout_loops_corners, minmay_overflow_temple_star_hex,
          ebering_ecumenical_altar_hall
D:4:      layout_cave_pods, uniq_edmund

Skill      XL: |  1  2  3  4 |
---------------+-------------+-----
Fighting       | 2 |  2.8
Dodging        | 3 |  3.2
Spellcasting   | 2 |  2.1
Ranged Weapons | |  2.9
Hexes          | |  3.9

Action                   |  1- 3 |  4- 6 || total
-------------------------+-------+-------++-------
 Fire: Sling             |    79 |    67 ||   146
Throw: Dart              |     2 |     5 ||     7
 Cast: Tukima's Dance    |       |     1 ||     1
 Abil: Hop               |     3 |     1 ||     4
  Use: Scroll            |     2 |       ||     2
Armor: Robe              |    11 |     4 ||    15
Dodge: Dodged            |    30 |    12 ||    42
